 Dungeon Crawl Stone Soup version 0.28.0-53-g5a82cb258f (webtiles) character file.

Game seed: 2061792730010103427

225 Sin92 the Skirmisher (level 5, 0/42 HPs)
             Began as a Demonspawn Fighter on July 5, 2022.
             Succumbed to Crazy Yiuf's poison
             ... on level 3 of the Dungeon.
             The game lasted 00:02:57 (2781 turns).

Sin92 the Skirmisher (Demonspawn Fighter)           Turns: 2781, Time: 00:02:59

Health: 0/42       AC: 10    Str: 18    XL:     5   Next: 68%
Magic:  5/5        EV: 13    Int:  9    God:
Gold:   104        SH:  5    Dex: 13    Spells: 4/4 levels left

rFire   . . .      SeeInvis .   e - +1 spear (venom)
rCold   . . .      Faith    .   c - +0 buckler
rNeg    . . .      Spirit   .   b - +0 scale mail
rPois   .          Reflect  .   (no helmet)
rElec   .          Harm     .   (no cloak)
rCorr   .          Rampage  .   (no gloves)
Will    .....                   g - +0 pair of boots
Stlth   ..........              (no amulet)
HPRegen 0.14/turn               o - +4 ring of evasion
MPRegen 0.09/turn               (no ring)

@: lethally poisoned (0 -> -8)
A: slimy green scales 1, condensation shield, weakness stinger 1
a: no special abilities


You were on level 3 of the Dungeon.
You visited 1 branch of the dungeon, and saw 3 of its levels.

You collected 104 gold pieces.

Inventory:

Hand Weapons
 a - a +0 trident
 e - a +1 spear of venom (weapon)
 q - a +2 whip of electrocution
Armour
 b - a +0 scale mail (worn)
 c - a +0 buckler (worn)
 g - a +0 pair of boots (worn)
Jewellery
 o - a +4 ring of evasion (left hand)
Wands
 k - a wand of polymorph (11)
 s - a wand of flame (21)
 t - a wand of mindburst (13)
Scrolls
 f - 3 scrolls of identify
 i - a scroll of noise {unknown}
 m - a scroll of enchant armour {unknown}
 n - 3 scrolls of fog {unknown}
 u - a scroll of torment {unknown}
 v - a scroll of blinking {unknown}
Potions
 d - 3 potions of might
 h - a potion of haste
 p - a potion of flight {unknown}
 r - a potion of curing {unknown}


   Skills:
 + Level 4.1 Fighting
 + Level 3.0 Polearms
 + Level 3.7 Armour
 + Level 3.7 Shields


You had 4 spell levels left.
You didn't know any spells.
Your spell library was empty.

Dungeon Overview and Level Annotations

Branches:
Dungeon (3/15)

Altars:

Shops:
D:2 =   D:3 *

Annotations:
D:3 1 runed translucent door, WANAX's ghost, amateur HOBe


Innate Abilities, Weirdness & Mutations

You are partially covered in slimy green scales. (AC +2)
A meltable shield of frost defends you. (SH +0)
You have a small tail.


Message History

Crazy Yiuf hits you with a +2 quarterstaff of chaos!
Crazy Yiuf draws strength from your wounds!
You barely miss Crazy Yiuf. You tail-slap Crazy Yiuf.
Crazy Yiuf is lightly wounded.
Crazy Yiuf hits you with a +2 quarterstaff of chaos.
You are poisoned.
You puncture Crazy Yiuf!
Crazy Yiuf looks as sick as possible!
You tail-slap Crazy Yiuf.
Crazy Yiuf is severely wounded.
You feel very sick. Crazy Yiuf hits you but does no damage.
You hit Crazy Yiuf but do no damage.
Crazy Yiuf looks as sick as possible!
Your tail-slap misses Crazy Yiuf.
Crazy Yiuf is severely wounded.
You feel sick.
Crazy Yiuf hits you with a +2 quarterstaff of chaos.
You are more poisoned.
You hit Crazy Yiuf but do no damage.
Crazy Yiuf looks as sick as possible!
Crazy Yiuf is severely wounded.
You feel sick.
Crazy Yiuf laughs, "Lay water ragdoll!"
Crazy Yiuf hits you with a +2 quarterstaff of chaos!
* * * LOW HITPOINT WARNING * * *
Your condensation shield dissipates!
Crazy Yiuf burns you.
* * * LOW HITPOINT WARNING * * *
It was a potion of lignification.
You turn into a tree.
Your +0 pair of boots melds into your body.
Your +0 scale mail melds into your body.
Your roots penetrate the ground.
* * * LOW HITPOINT WARNING * * *
You feel very sick.
You kill Crazy Yiuf!
It was a potion of cancellation.
Your magical effects are unravelling.
You feel magically purged.
You feel less wooden.
Your +0 pair of boots unmelds from your body.
Your +0 scale mail unmelds from your body.
You die...

#)####....#
#..#+#....#
### #....#
#...†.....#
♣....♣
######....#
♣♣...♣
#....#
♣♣.♣♣
#....# ♣♣.♣
#....# ♣.♣♣
#....# ♣♣.♣
###### ♣@♣♣
#)# ...
#...# #)..#
#####


There were no monsters in sight!

Vanquished Creatures
  Crazy Yiuf (D:3)
  Jessica (D:2)
  Terence (D:3)
  An orc wizard (D:3)
  4 adders
  2 worms (D:2)
  2 dart slugs
  8 orcs (D:3)
  7 endoplasms
  2 giant cockroaches
  4 hobgoblins
  4 jackals (D:1)
  A quokka (D:2)
  6 ball pythons
  5 bats
  3 frilled lizards
  8 goblins
  4 kobolds
  7 rats
71 creatures vanquished.

Vanquished Creatures (others)
  2 demonic plants (D:2)
2 creatures vanquished.

Grand Total: 73 creatures vanquished

Notes
Turn   | Place    | Note
-------+----------+-------------------------------------------
     0 | D:1      | Sin92 the Demonspawn Fighter began the quest for the Orb.
     0 | D:1      | Reached XP level 1. HP: 18/18 MP: 1/1
   509 | D:1      | Gained mutation: A meltable shield of frost defends you.
                  | (SH +0) [demonic ancestry]
   509 | D:1      | Reached XP level 2. HP: 24/24 MP: 2/2
   950 | D:1      | Gained mutation: You are partially covered in slimy green
                  | scales. (AC +2) [demonic ancestry]
   950 | D:1      | Reached XP level 3. HP: 29/29 MP: 3/3
  1479 | D:2      | Found Yhucot Owusk's Jewellery Shop.
  1691 | D:2      | Found a faded altar of an unknown god.
  1746 | D:2      | Noticed Jessica
  1752 | D:2      | Killed Jessica
  1753 | D:2      | Gained mutation: You have a small tail. [demonic ancestry]
  1753 | D:2      | Reached XP level 4. HP: 34/36 MP: 4/4
  2164 | D:3      | Reached XP level 5. HP: 42/42 MP: 5/5
  2235 | D:3      | Found a runed translucent door.
  2236 | D:3      | Noticed Crazy Yiuf
  2254 | D:3      | Found a runed translucent door.
  2264 | D:3      | Noticed WANAX's ghost (amateur HOBe)
  2372 | D:3      | Found Nifadgh's Assorted Antiques.
  2408 | D:3      | Noticed Terence
  2422 | D:3      | Killed Terence
  2423 | D:3      | Reached skill level 4 in Fighting
  2780 | D:3      | Killed Crazy Yiuf
  2781 | D:3      | Succumbed to Crazy Yiuf's poison

Illustrated notes

Levels and vault maps discovered:
D:1:      enne_arrival_octagon_isle, layout_loops_corners, supply_closet_lemuel
D:2:      layout_basic, dreamdust_ecumenical_altar_sealed_demon, serial_shops,
          nicolae_shop_trees, uniq_jessica
D:3:      layout_basic, serial_shops, nicolae_shop_crystal,
          ebering_ghost_sewer_d, uniq_crazy_yiuf_cottage, uniq_terence

Skill      XL: |  1  2  3  4  5 |
---------------+----------------+-----
Polearms       | 2 3 |  3.0
Shields        | 3 |  3.7
Armour         | 3 |  3.7
Fighting       | 4 |  4.1

Action                   |  1- 3 |  4- 6 || total
-------------------------+-------+-------++-------
Melee: Spear             |    96 |    99 ||   195
       Trident           |    11 |       ||    11
       Tailslap          |       |    11 ||    11
  Use: Scroll            |     1 |       ||     1
       Potion            |       |     2 ||     2
Armor: Scale mail        |    17 |    23 ||    40
Dodge: Dodged            |    27 |    27 ||    54
Block: Buckler           |    19 |    28 ||    47
